Carefully, lawful female dwarven Valkyrie --- ---.-- ---- ---..G.| |..| |.....-- --- ---..| ---- ---- --.....| ---- --.| --|....| ----..--- --..| ---.....<| |..| --..----.|.--.| |.......| --- #.--....| --...j-..-- |..| |...........|.| ---.....(.| ---.---........- |........-------*.------..........|..-- --...---.%--- |....||...%.... --.............>.......|............|.--.- --...-- --...| |....%....[...* |.....|@..------....|.--.......-.........--....--- ---.--- |............## |.....aaa.| |..^.|.........-.#|...............| |...-------..-.....-.0# --......a..| |.------.....-.| |..--......--...| ---....-|............- # |..........---- |.| |....-|.| |.| .-....-|----- |.....|....#......... --........^.|.---.------...--|.| |.| |.....| -----....###.........* -.............|....|....|...|.| |.---|.|...- |....#* --......# |....|...................|--.|.-- |...|-.|..... |..-## -......0 --...|...................| |....| --..|..|-....- |.-. # 0 #* |..........----.......--- ---.-- --....| ..... |..| *##*## ----.......| |..---..| --- --..---.|.... |..| ## **# ----..--- ---- ---- ---- ----..- |..| #* ## ---- --- ---- Carefully the Fighter Experience level: 8 Strength: 7 Dexterity: 13 Constitution: 18 Intelligence: 8 Wisdom: 10 Charisma: 9 Health: 0(75) Energy: 13(13) AC: 1 Gold: 1394 Moves: 5278 Your Inventory: Coins $ - 1394 gold pieces Amulets Y - a cursed spherical amulet [of strangulation] Weapons a - the blessed rustproof +1 Excalibur (weapon in hand) W - 10 uncursed [+0] darts (in quiver) Armor c - a blessed +3 small shield (being worn) f - an uncursed [+1] dwarvish cloak n - an uncursed +0 pair of leather gloves (being worn) F - an uncursed +0 studded leather armor (being worn) G - an uncursed [+0] mummy wrapping S - an uncursed greased +0 cloak called magic resistance [of magic resistance] (being worn) Comestibles r - 2 uncursed lichen corpses P - an uncursed partly eaten food ration Rings b - an uncursed gold ring [of warning] w - an uncursed ring called ridged nm [of fire resistance] R - a cursed [+3] wedding ring [of gain strength] Wands I - an uncursed wand of striking [0:4] Q - a cursed octagonal wand [of teleportation (0:8)] Tools e - an uncursed oil lamp (0:1385) j - an uncursed brass lantern k - an uncursed key [skeleton key] p - an uncursed can of grease [0:21] Gems o - an uncursed gem called yellow glass [worthless glass] U - an uncursed gem called black glass [worthless glass] V - an uncursed stone called touch [touchstone] X - an uncursed gem called blue glass [worthless glass] Spells known in the end: Name Level Category Fail Memory Your skills at the end: Fighting Skills Weapon Skills dagger [Basic / Expert] long sword [Basic / Expert] Spellcasting Skills Final Attributes: You were piously aligned. Hunger level was 584. Your alignment was 36 / 36. Monster difficulty range was 0 - 6. Level difficulty was 5. You were immune to cold. You were immune to level-drain. You were magic-protected. You were telepathic. You had automatic searching. You had infravision. You were stealthy. You were fast. Your luck was zero. You are dead. Vanquished creatures: a ghost an imp a Mordor orc a rock piercer 4 rock moles a yellow light a shrieker a kobold mummy a straw golem 2 paper golems 2 giant ants 2 floating eyes 2 kittens a dwarf a kobold lord 6 rothes 2 centipedes a giant bat 5 orc zombies 3 dwarf zombies 2 wererats 2 werejackals 11 killer bees 2 acid blobs a gas spore 2 manes a large kobold a giant rat 2 cave spiders 3 brown molds 2 yellow molds 2 green molds a gnome zombie 4 geckos 4 jackals 5 foxes a kobold 2 goblins 2 sewer rats 6 grid bugs 2 bats 6 lichens a kobold zombie 5 newts 109 creatures vanquished. Voluntary challenges: You used a wielded weapon 127 times. You read items or engraved 3 times. You put on armor 5 times. You never genocided any monsters. You never polymorphed an object. You never changed form. You used no wishes. You wrote Elbereth's name 3 times. You encountered 1 bones level. You never used any Sokoban shortcuts. Dungeon overview: The Dungeons of Doom: levels 1 to 5 Level 1 (vlt? barz) an altar to Tyr a long staircase Level 2 (stash) Level 4 stairs to The Gnomish Mines Level 5 (vlt) an altar The Gnomish Mines: levels 5 to 6 Level 5 (light) <- You were here stairs to The Dungeons of Doom History has recorded: On T:1 you entered the Dungeons of Doom to retrieve the Amulet of Yendor! On T:361 you reached level 2 of The Dungeons of Doom. On T:539 you advanced to experience level 2. On T:729 you advanced to experience level 3. On T:890 you reached level 3 of The Dungeons of Doom. On T:951 you advanced to experience level 4. On T:975 you reached level 4 of The Dungeons of Doom. On T:1686 you advanced to experience level 5. On T:1809 you reached level 1 of The Gnomish Mines. On T:2071 you reached level 5 of The Dungeons of Doom. On T:2099 you advanced to experience level 6. On T:3242 you advanced to experience level 7. On T:3263 you reached level 2 of The Gnomish Mines. On T:4652 you advanced to experience level 8. Latest messages: The fire ant bites! [HP+1=27] The fire ant misses. (2x) The fire ant bites! (2x) [HP-4=23] A rock piercer suddenly drops from the ceiling! You are almost hit by a falling rock piercer! [HP+1=24] The fire ant misses. The fire ant bites! The fire ant misses. The fire ant bites! (5x) [HP-7=17] A gush of water hits the fire ant on the head! A gush of water hits the fire ant's right forelimb! The fire ant misses. (2x) The fire ant bites! The fire ant misses. The fire ant bites! (2x) [HP-11=6] The fire ant misses. (2x) The fire ant bites! (2x) [HP-4=2] The fire ant bites! You die... <Do you want your possessions identified? [ynq]: y> <List of objects: (none selected)> <Do you want to see your attributes? [ynq]: q> <List of objects: (none selected)> <Dungeon overview:: (none selected)> Final status: Farvel Carefully the Valkyrie... You died in The Gnomish Mines on dungeon level 5 with 5143 points, and 1394 pieces of gold, after 5278 moves. You were level 8 with a maximum of 75 hit points when you died.